Map: New Gettysburg LE

Players

LiquidMaNa (MaNa) - Winner!

  • Race: Protoss Protoss
  • League: Master

SortOf

  • Race: Zerg Zerg

VOD

Have the link to the VOD?

Description

Time

  • Played on: Nov. 25, 2016, 2:49 p.m.
  • Length: 9:38
Show
View Real Time Build Order
Export as new Build Order

LiquidMaNa Protoss - Winner!

Build Orders:  

Get SALT Encoding   

  12  0:00  Probe (Chrono Boost)  
  13  0:11  Probe (Chrono Boost)  
  14  0:17  Pylon  
  14  0:22  Probe (Chrono Boost)  
  15  0:36  Probe (Chrono Boost)  
  15  0:39  Forge  
  16  0:46  Probe (Chrono Boost)  
  17  0:55  Pylon  
  18  0:57  Probe (Chrono Boost)  
  18  1:14  Photon Cannon  
  18  1:15  Probe (Chrono Boost)  
  19  1:22  Gateway  
  20  1:25  Probe (Chrono Boost)  
  20  1:27  Assimilator  
  20  1:36  Pylon, Probe (Chrono Boost)  
  21  1:46  Probe (Chrono Boost)  
  22  1:57  Probe (Chrono Boost)  
  22  1:59  Pylon  
  23  2:06  Photon Cannon  
  23  2:07  Probe (Chrono Boost)  
  24  2:09  Cybernetics Core  
  24  2:32  Nexus  
  24  2:38  Pylon  
  24  2:43  Adept  
  23  2:50  Pylon  
  27  2:59  Mothership Core (Chrono Boost)  
  27  3:01  Pylon  
  27  3:07  Adept  
  28  3:19  Probe (Chrono Boost)  
  29  3:25  Warp Gate  
  27  3:27  Assimilator  
  27  3:31  Probe (Chrono Boost)  
  27  3:32  Adept  
  30  3:43  Probe (Chrono Boost)  
  31  3:49  Probe (Chrono Boost)  
  31  3:55  Probe (Chrono Boost)  
  33  3:59  Probe (Chrono Boost)  
  34  4:05  Stargate  
  34  4:07  Probe (Chrono Boost)  
  35  4:10  Probe (Chrono Boost)  
  35  4:12  Pylon  
  36  4:18  Probe (Chrono Boost)  
  35  4:26  Probe (Chrono Boost)  
  35  4:28  Probe (Chrono Boost)  
  37  4:39  Probe x2 (Chrono Boost)  
  37  4:41  Pylon  
  37  4:44  Oracle  
  39  4:50  Probe (Chrono Boost)  
  39  4:51  Probe (Chrono Boost)  
  44  4:59  Stalker  
  42  5:00  Twilight Council  
  42  5:01  Probe (Chrono Boost)  
  42  5:04  Probe (Chrono Boost)  
  46  5:13  Probe (Chrono Boost)  
  47  5:16  Probe (Chrono Boost)  
  47  5:19  Nexus  
  47  5:20  Phoenix  
  49  5:33  Robotics Facility  
  49  5:38  Resonating Glaives  
  49  5:39  Probe x2 (Chrono Boost)  
  51  5:47  Pylon  
  51  5:49  Pylon  
  51  5:52  Gateway  
  51  5:53  Gateway  
  51  6:08  Probe (Chrono Boost), Gateway  
  51  6:09  Probe (Chrono Boost), Gateway  
  53  6:13  Gateway  
  53  6:20  Adept, Warp Prism  
  53  6:25  Gateway  
  57  6:34  Probe x2 (Chrono Boost)  
  57  6:35  Probe (Chrono Boost)  
  60  6:45  Adept  
  62  6:49  Pylon  
  62  6:50  Probe x2 (Chrono Boost)  
  62  6:51  Probe (Chrono Boost)  
  62  6:52  Assimilator  
  62  6:53  Assimilator  
  65  6:56  Adept x2  
  65  7:00  Probe x2 (Chrono Boost)  
  71  7:03  Probe (Chrono Boost)  
  72  7:11  Observer  
  73  7:17  Adept x3  
  73  7:18  Adept x3  
  73  7:20  Adept  
  87  7:28  Pylon x2  
  85  7:38  Adept x4  
  91  7:51  Adept x3  
  95  8:03  Adept x4  
  95  8:04  Probe (Chrono Boost)  
  101  8:06  Probe (Chrono Boost)  
  101  8:07  Warp Prism  
  99  8:16  Adept  
  99  8:17  Adept x2  
  102  8:20  Probe (Chrono Boost)  
  102  8:24  Adept x4  
  108  8:41  Probe (Chrono Boost)  
  106  8:42  Probe (Chrono Boost)  
  106  8:43  Immortal  
  102  8:50  Probe (Chrono Boost)  
  101  9:00  Probe (Chrono Boost)  
  97  9:03  Adept x4  
  97  9:04  Adept x3  
  97  9:06  Assimilator  
  97  9:08  Assimilator  
  97  9:09  Gateway  
  107  9:10  Gateway  
Show
View Real Time Build Order
Export as new Build Order

SortOf Zerg 

Build Orders: Hatch First 

Get SALT Encoding   

  12  0:00  Drone  
  13  0:13  Overlord  
  13  0:17  Drone  
  14  0:32  Drone x2  
  16  0:36  Drone  
  17  0:53  Hatchery  
  17  0:56  Drone  
  17  0:59  Drone  
  18  1:08  Drone  
  18  1:10  Extractor  
  18  1:17  Spawning Pool  
  17  1:21  Drone  
  18  1:29  Drone  
  19  1:39  Overlord  
  19  1:50  Drone  
  20  2:04  Zergling x2  
  20  2:05  Zergling x2, Queen  
  24  2:09  Roach Warren  
  24  2:13  Zergling x2  
  24  2:18  Drone  
  27  2:24  Zergling x2  
  27  2:29  Drone  
  29  2:53  Roach  
  29  2:55  Roach  
  29  2:56  Hatchery  
  29  3:23  Drone x2  
  30  3:28  Overlord  
  30  3:38  Overlord  
  30  3:45  Queen  
  30  3:47  Ravager x2  
  34  3:55  Roach x2  
  37  3:57  Drone x2  
  37  3:58  Drone x2  
  40  4:07  Queen  
  42  4:28  Drone x2  
  42  4:29  Drone x4  
  46  4:36  Drone x2  
  45  4:39  Queen  
  45  4:43  Queen  
  45  4:46  Drone x2  
  45  4:49  Ravager  
  48  4:54  Drone x2  
  48  4:59  Spore Crawler  
  47  5:12  Hatchery  
  46  5:15  Queen, Drone x2  
  46  5:19  Spore Crawler, Drone x2  
  51  5:27  Overlord  
  51  5:29  Lair  
  51  5:33  Spore Crawler  
  50  5:35  Overlord  
  50  5:37  Extractor  
  50  5:40  Drone x2  
  51  5:44  Drone  
  52  5:52  Overlord  
  52  5:54  Evolution Chamber  
  51  5:59  Drone x5  
  56  6:07  Drone x5  
  58  6:17  Drone x3  
  61  6:21  Zerg Missile Weapons Level 1  
  61  6:24  Drone x2  
  61  6:25  Drone  
  64  6:28  Hydralisk Den  
  64  6:29  Extractor  
  64  6:31  Drone x3  
  65  6:40  Drone x5  
  65  6:46  Extractor  
  69  6:47  Drone x3  
  69  6:51  Extractor  
  69  6:53  Overlord  
  71  6:54  Overseer  
  71  7:01  Hydralisk  
  71  7:04  Overlord  
  71  7:07  Grooved Spines, Extractor  
  71  7:08  Overlord  
  72  7:09  Drone  
  72  7:10  Drone  
  72  7:13  Hydralisk  
  76  7:17  Hatchery, Hydralisk  
  76  7:18  Hydralisk  
  79  7:24  Hydralisk  
  79  7:25  Roach  
  79  7:29  Roach x2  
  87  7:34  Roach  
  88  7:39  Roach  
  80  7:47  Roach  
  80  7:48  Roach  
  80  7:50  Roach  
  82  7:55  Roach  
  79  8:02  Zergling x8  
  78  8:09  Roach  
  72  8:13  Zergling x6  
  72  8:15  Roach  
  72  8:16  Zergling x2  
  72  8:17  Zergling x2  
  71  8:23  Roach  
  71  8:24  Zergling x4  
  74  8:30  Roach  
  75  8:37  Hydralisk  
  59  8:43  Drone x2  
  59  8:45  Drone x2  
  59  8:47  Drone  
  58  8:55  Drone x3  
  57  8:58  Drone  
  57  9:01  Drone  
  52  9:06  Drone x2  
  54  9:13  Drone x3  
Tags
 
League
Master
Matchup
PvZ
Replay Pack
EmSC2Tv
Add a new tag
Caveats
  • Supply blocks, unpowered buildings, or Contaminate may cause inaccurate times.
  • Supply counts are checked every 10 seconds.